 Dungeon Crawl Stone Soup version 0.27-a0-1291-geefcff550b (webtiles) character file.

Game seed: 7594339734292676414

4183 thriggle the Cudgeller (level 10, -5/96 HPs)
             Began as a Troll Monk on June 15, 2021.
             Was a Plaything of Xom.
             Killed from afar by an electric eel (12 damage)
             ... with a bolt of electricity
             ... on level 8 of the Dungeon.
             The game lasted 00:20:53 (5415 turns).

thriggle the Cudgeller (Troll Monk)                 Turns: 5415, Time: 00:20:54

Health: -5/96      AC: 12    Str: 24 (27) XL:     10   Next: 8%
Magic:  13/13      EV: 10    Int:  4      God:    Xom [..*...]
Gold:   409        SH: 18    Dex: 16      Spells: 9/9 levels left

rFire    . . .     SeeInvis .   p - +2 mace (venom)
rCold    . . .     Faith    .   D - +4 kite shield of Dithmenos {Will++ Str+5}
rNeg     . . .     Spirit   .   E - +1 steam dragon scales
rPois    .         Reflect  +   (helmet restricted)
rElec    .         Harm     .   (no cloak)
rCorr    .         Rampage  .   (gloves unavailable)
Will     +++..                  (boots unavailable)
Stlth    +++.......             q - amulet of reflection
HPRegen  1.26/turn              C - +4 ring of protection
MPRegen  0.13/turn              o - ring of willpower

@: no status effects
A: large, unfitting armour, claws 3, regeneration 1, shaggy fur 1, tough skin 1,
agile 1, dopey 1, high mp 1
a: Renounce Religion


You were on level 8 of the Dungeon.
You worshipped Xom.
You were a toy of Xom.
You visited 1 branch of the dungeon, and saw 8 of its levels.

You collected 409 gold pieces.

Inventory:

Hand Weapons
 a - a +0 flail of venom
 d - a +0 giant spiked club of draining
 h - a +0 morningstar
 p - a +2 mace of venom (weapon)
Missiles
 f - 247 stones
 l - 27 poisoned darts
 v - 7 atropa-tipped darts
 x - 12 boomerangs (quivered)
Armour
 b - a +1 robe
 D - the +4 kite shield of Dithmenos (worn) {Will++ Str+5}
   (You found it on level 5 of the Dungeon)

   It affects your strength (+5).
   It greatly increases your willpower.
 E - +1 steam dragon scales (worn)
Jewellery
 m - an amulet of regeneration
 o - a ring of willpower (right claw)
 q - an amulet of reflection (around neck)
 r - an amulet of the acrobat
 t - a ring of protection from fire
 u - a ring of positive energy
 y - a ring of flight
 C - a +4 ring of protection (left claw)
Wands
 i - a wand of flame (23)
 s - a wand of paralysis (7)
Scrolls
 e - 2 scrolls of teleportation
 j - a scroll of holy word
 k - 3 scrolls of noise
 n - 2 scrolls of magic mapping
 w - a scroll of blinking
 A - a scroll of amnesia
Potions
 c - 4 potions of attraction
 z - 2 potions of curing
Miscellaneous
 g - a box of beasts


   Skills:
 + Level 5.4 Fighting
 + Level 5.9 Maces & Flails
 + Level 5.1 Throwing
 + Level 5.4 Dodging
 + Level 3.6 Stealth
 + Level 2.6 Shields
 - Level 4.0 Invocations
 + Level 2.3 Evocations


You had 9 spell levels left.
You didn't know any spells.
Your spell library contained the following spells:

 Spells                   Type           Power      Damage    Failure   Level
 Corona                   Hex            0%         N/A       92%         1
 Summon Small Mammal      Summ           0%         N/A       92%         1
 Call Imp                 Summ           0%         N/A       98%         2
 Ensorcelled Hibernation  Hex/Ice        0%         N/A       98%         2
 Call Canine Familiar     Summ           0%         N/A       100%        3
 Confusing Touch          Hex            0%         N/A       100%        3
 Dazzling Flash           Conj/Hex       0%         N/A       100%        3
 Summon Guardian Golem    Hex/Summ       0%         N/A       100%        3
 Tukima's Dance           Hex            0%         N/A       100%        3
 Summon Ice Beast         Ice/Summ       0%         N/A       100%        4
 Summon Lightning Spire   Summ/Air       0%         N/A       100%        4
 Blade Hands              Tmut           0%         N/A       100%        5
 Irradiate                Conj/Tmut      0%         3d13      100%        5
 Statue Form              Tmut/Erth      0%         N/A       100%        6
 Dragon Form              Tmut           0%         N/A       100%        7
 Storm Form               Tmut/Air       0%         N/A       100%        7


Dungeon Overview and Level Annotations

Branches:
Dungeon (8/15)             Temple (0/1) D:6            Lair (0/6) D:8

Altars:
Cheibriados
Elyvilon
Fedhas
Kikubaaqudgha
Nemelex Xobeh
Qazlal
Vehumet
Xom
The Shining One

Shops:
D:1 [   D:2 :

Annotations:
D:7 2 transporters, Drazool's ghost, novice FoAK


Innate Abilities, Weirdness & Mutations

You are too large for most types of armour.
You have claws for hands.
Your natural rate of healing is unusually fast.
You are covered in fur. (AC +1)
You have tough skin. (AC +1)
You are agile. (Dex +2)
You are dopey. (Int -2)
You have an increased reservoir of magic. (+10% MP)


Message History

You throw a boomerang. The boomerang hits the electric eel.
The electric eel is lightly wounded.
The electric eel shoots out a bolt of lightning at you!
The bolt of electricity hits you!
Throw: 13 boomerangs
Press: ? - help, Q - select action, (/) - cycle Shift-Dir - straight line, f/p - electric eel
Aim: an electric eel (water, lightly wounded, 48% to hit)
You throw a boomerang.
The boomerang hits the electric eel but does no damage.
The electric eel is lightly wounded.
Throw: 13 boomerangs
Press: ? - help, Q - select action, (/) - cycle Shift-Dir - straight line, f/p - electric eel
Aim: an electric eel (lightly wounded, 48% to hit)
You throw a boomerang. The boomerang hits the electric eel.
The electric eel is moderately wounded.
Found 16 arrows.
Throw: 13 boomerangs
Press: ? - help, Q - select action, (/) - cycle Shift-Dir - straight line, f/p - electric eel
Aim: an electric eel (moderately wounded, 48% to hit)
You throw a boomerang. The boomerang misses the electric eel.
The electric eel shoots out a bolt of lightning at you!
The bolt of electricity hits you.
The electric eel shoots out a bolt of lightning at you!
The bolt of electricity hits you. The bolt of electricity hits you!
You barely miss the electric eel.
The electric eel is moderately wounded.
The electric eel shoots out a bolt of lightning at you!
The bolt of electricity hits you. The bolt of electricity hits you!
You hit the electric eel.
The electric eel is poisoned.
The electric eel is heavily wounded.
The electric eel shoots out a bolt of lightning at you!
The bolt of electricity hits you!
* * * LOW HITPOINT WARNING * * *
The bolt of electricity hits you!
* * * LOW HITPOINT WARNING * * *
The electric eel shoots out a bolt of lightning at you!
The bolt of electricity hits you!
* * * LOW HITPOINT WARNING * * *
The bolt of electricity hits you!
You die...

#####..≈≈≈.≈.
#..≈≈≈.≈.≈.≈≈≈≈....
#...≈≈≈..≈≈≈≈≈...(
#...≈≈≈≈.≈≈≈≈≈...#
#..≈≈≈≈≈.≈≈≈..≈..#
#..≈≈≈≈≈.≈≈≈≈....#
#.≈.≈≈.≈.≈≈≈≈≈...##.
#...≈≈.≈.≈≈;........
#....≈.≈.≈≈.@≈......
#...................
#...........†...+##.
##....#####....#.#
#....# ####.# #
#....# ... #....#
#..# #....# ..#
#....# #.#


You could see an electric eel (very poisoned).

Vanquished Creatures
  A two-headed ogre (D:5)
  A troll (D:8)
  Prince Ribbit (D:5)
  A steam dragon (D:8)
  Edmund (D:5)
  2 water moccasins
  An orc warrior (D:6)
  An ice beast (D:6)
  2 black bears
  2 sky beasts
  2 ogres (D:5)
  4 necrophages
  A wolf (D:8)
  2 centaurs (D:7)
  3 bullfrogs
  A gnoll sergeant (D:8)
  A wyvern zombie (D:7)
  2 scorpions
  A water moccasin skeleton (D:5)
  2 electric eels (D:8)
  2 jellies
  2 centaur skeletons (D:5)
  3 bullfrog skeletons
  An orc priest (D:3)
  5 hounds
  4 orc wizards
  Ijyb (D:5)
  4 howler monkey zombies
  3 gnolls
  5 adders
  A howler monkey skeleton (D:5)
  A shadow imp (D:5)
  An ufetubus (D:7)
  2 worms
  A dart slug (D:5)
  22 orcs
  7 bats
  7 endoplasms
  2 giant cockroaches
  4 goblins
  8 hobgoblins
  3 jackals (D:2)
  8 kobolds
  4 quokkas
  8 ball pythons
  7 frilled lizards
  5 rats
153 creatures vanquished.

Vanquished Creatures (collateral kills)
  A steam dragon (D:6)
  An ice beast (D:6)
  A gnoll shaman (D:6)
  2 gnolls (D:6)
5 creatures vanquished.

Vanquished Creatures (others)
  A gnoll (D:8)
1 creature vanquished.

Grand Total: 159 creatures vanquished

Notes
Turn   | Place    | Note
-------+----------+-------------------------------------------
     0 | D:1      | thriggle the Troll Monk began the quest for the Orb.
     0 | D:1      | Reached XP level 1. HP: 22/22 MP: 0/0
   168 | D:1      | Reached XP level 2. HP: 29/29 MP: 1/1
   181 | D:1      | Found Zejullel's Antique Armour Boutique.
   387 | D:1      | Reached XP level 3. HP: 34/36 MP: 2/2
   622 | D:2      | Found Offumom's Book Emporium.
   654 | D:2      | Reached skill level 1 in Invocations
   801 | D:2      | Reached skill level 1 in Throwing
   944 | D:2      | Reached XP level 4. HP: 44/44 MP: 3/3
  1175 | D:3      | Found a faded altar of an unknown god.
  1194 | D:3      | Became a worshipper of Xom the Tricky
  1283 | D:3      | XOM: silly message
  1498 | D:3      | Found a stormy altar of Qazlal.
  1519 | D:3      | XOM: silly message
  1553 | D:3      | XOM: silly message
  1563 | D:3      | XOM: smoke on damage
  1757 | D:3      | Found a white marble altar of Elyvilon.
  1963 | D:4      | Reached XP level 5. HP: 53/53 MP: 5/5
  2326 | D:4      | Noticed a necrophage
  2341 | D:4      | Killed a necrophage
  2342 | D:4      | Reached XP level 6. HP: 55/61 MP: 6/6
  2351 | D:4      | Found a blossoming altar of Fedhas.
  2389 | D:4      | XOM: give mutation
  2389 | D:4      | Gained mutation: You are dopey. (Int -2) [Xom's mischief]
  2670 | D:4      | Found a sparkling altar of Nemelex Xobeh.
  2682 | D:5      | Entered Level 5 of the Dungeon
  2682 | D:5      | Noticed a two-headed ogre
  2683 | D:5      | XOM: repel stairs
  2769 | D:5      | Reached XP level 7. HP: 66/67 MP: 7/7
  2781 | D:5      | XOM: enchant monster (good)
  2807 | D:5      | Noticed Ijyb
  2816 | D:5      | Noticed Prince Ribbit
  2820 | D:5      | Paralysed by Ijyb for 3 turns
  2831 | D:5      | Killed Ijyb
  2831 | D:5      | XOM: potion effect (invisibility)
  2838 | D:5      | Killed Prince Ribbit
  2854 | D:5      | Noticed Edmund
  2859 | D:5      | XOM: enchant monster (bad)
  2878 | D:5      | Killed Edmund
  2879 | D:5      | Reached XP level 8. HP: 74/78 MP: 9/9
  2921 | D:5      | Found a snail-covered altar of Cheibriados.
  2937 | D:5      | Killed a two-headed ogre
  2954 | D:5      | Reached skill level 5 in Maces & Flails
  2980 | D:5      | Found an ancient bone altar of Kikubaaqudgha.
  3017 | D:5      | XOM: snakes to sticks
  3024 | D:5      | Identified the +4 kite shield of Dithmenos {Will++ Str+5}
  3061 | D:5      | Found a glowing golden altar of the Shining One.
  3071 | D:5      | XOM: god gift: box of beasts
  3207 | D:5      | XOM: god gift: 16 stones
  3399 | D:6      | XOM: confuse monster(s)
  3407 | D:6      | Reached XP level 9. HP: 85/85 MP: 11/11
  3426 | D:6      | XOM: 8-stop teleportation journey
  3480 | D:6      | XOM: summons 3 friendly demons
  3508 | D:6      | XOM: summons 5 friendly demons
  3619 | D:6      | XOM: summons friendly shadow imp
  3620 | D:6      | Reached skill level 1 in Shields
  3620 | D:6      | Reached skill level 1 in Evocations
  3629 | D:6      | Found a staircase to the Ecumenical Temple.
  3674 | D:6      | XOM: summons friendly shadow imp
  3702 | D:6      | XOM: silly message
  3710 | D:6      | XOM: polymorph centaur -> worm
  3764 | D:6      | XOM: fog
  4001 | D:6      | Reached skill level 5 in Fighting
  4001 | D:6      | Reached skill level 5 in Dodging
  4058 | D:6      | XOM: god gift: 56 gold pieces
  4239 | D:7      | XOM: 4-stop teleportation journey
  4243 | D:7      | Found a transporter.
  4284 | D:7      | Noticed a seven-headed hydra
  4284 | D:7      | Noticed a moth of wrath
  4285 | D:7      | Noticed Drazool's ghost (novice FoAK)
  4299 | D:7      | Found a transporter.
  4310 | D:7      | XOM: 3-stop teleportation journey
  4502 | D:7      | XOM: summons 4 hostile demons
  4546 | D:7      | XOM: 1-stop teleportation journey
  4566 | D:7      | XOM: chaos upgrade
  5005 | D:8      | XOM: give mutations
  5005 | D:8      | Gained mutation: You are agile. (Dex +2) [Xom's grace]
  5005 | D:8      | Gained mutation: You have an increased reservoir of magic.
                  | (+10% MP) [Xom's grace]
  5007 | D:8      | Reached skill level 5 in Throwing
  5018 | D:8      | XOM: polymorph hound -> adder
  5019 | D:8      | XOM: confusion (+ monsters)
  5021 | D:8      | Noticed a troll
  5024 | D:8      | XOM: snakes to sticks
  5034 | D:8      | XOM: summons 3 friendly demons
  5044 | D:8      | Killed a troll
  5045 | D:8      | Reached XP level 10. HP: 59/96 MP: 13/13
  5082 | D:8      | Found a radiant altar of Vehumet.
  5109 | D:8      | Found a staircase to the Lair.
  5248 | D:8      | XOM: noise
  5415 | D:8      | Killed from afar by an electric eel

Illustrated notes

Levels and vault maps discovered:
D:1:      nagdon_arrival_double_spiral, layout_rooms, serial_shops, shop,
          st_stairs_11, nrook_campfire
D:2:      layout_rooms, serial_shops, nicolae_shop_behind_doors
D:3:      layout_basic, grunt_qazlal_clouds, nicolae_elyvilon_temple_path,
          basic_ecumenical_altar, minmay_misc_feat_five,
          hangedman_decor_opposing
D:4:      layout_basic, fedhas_altar_1, kennysheep_mini,
          kennysheep_small_spiral, kennysheep_generic_room_15
D:5:      layout_rooms, old_standard_altar, tso_altar, general_overflow_altar,
          uniq_edmund, uniq_ijyb, uniq_prince_ribbit1
D:6:      layout_basic, minmay_temple_entry_trees
D:7:      layout_loops_ring, gammafunk_ghost_berserking_beasts
D:8:      layout_basic, nicolae_vehumet_altar_sigil, overflow_temple_1_default,
          erik_lair_island, minmay_lindwurm_lava

Skill      XL: |  1  2  3  4  5  6  7  8  9 |
---------------+----------------------------+-----
Maces & Flails | 3 4 5 |  5.9
Invocations    | 1 2 3 4 |  4.0
Throwing       | 1 2 3 4 5 |  5.1
Fighting       | 3 4 5 |  5.4
Dodging        | 3 4 5 |  5.4
Stealth        | 2 3 |  3.6
Shields        | 2 |  2.6
Evocations     | 2 |  2.3

Action                   |  1- 3 |  4- 6 |  7- 9 | 10-12 || total
-------------------------+-------+-------+-------+-------++-------
Melee: Mace              |   117 |   133 |   248 |    13 ||   511
       Giant spiked club |       |       |    20 |       ||    20
Throw: Dart              |       |     9 |    13 |       ||    22
       Boomerang         |       |     1 |       |    18 ||    19
Evoke: Wand              |       |       |     1 |       ||     1
  Use: Scroll            |       |     2 |    11 |       ||    13
       Potion            |       |       |     4 |       ||     4
 Stab: Sleeping          |     6 |     3 |     4 |       ||    13
       Invisible         |       |       |     4 |       ||     4
       Confused          |       |       |     2 |       ||     2
       Distracted        |       |       |     1 |       ||     1
Armor: Robe              |    48 |    35 |    58 |       ||   141
       Steam dragon scal |       |       |    79 |     2 ||    81
Dodge: Dodged            |    82 |   104 |   128 |     4 ||   318
Block: Kite shield       |       |       |   234 |     6 ||   240
       Reflection        |       |       |     1 |       ||     1

Table legend: (Time is in decaauts)
 A = Elapsed time spent in this place.
 B = Non-inter-level travel time spent in this place.
 C = Inter-level travel time spent in this place.
 D = Time resting spent in this place.
 E = Time spent auto-exploring this place.
 F = Levels seen in this place.
 G = Mean time per level.
                   A        B        C        D        E       F      G
               +--------+--------+--------+--------+--------+-----+--------+
         Total |   5554 |   5343 |    211 |    174 |   3349 |   8 |  694.2 |
       Dungeon |   5554 |   5343 |    211 |    174 |   3349 |   8 |  694.2 |
               +--------+--------+--------+--------+--------+-----+--------+

Top non-repeatable levels by time:
     D:4: 901 daAuts
     D:6: 836 daAuts
     D:7: 802 daAuts
     D:3: 783 daAuts
     D:5: 652 daAuts
     D:1: 598 daAuts
     D:2: 524 daAuts
     D:8: 456 daAuts
